Map: Heavy Artillery LE

Players

prospeKt - Winner!

  • Race: Zerg Zerg
  • League: Platinum
  • Spawn Location: 1:00

Sinicio - Winner!

  • Race: Zerg Zerg
  • Spawn Location: 3:00

bubu

  • Race: Protoss Protoss
  • Spawn Location: 7:00

Tydus

  • Race: Zerg Zerg
  • Spawn Location: 7:00

VOD

Have the link to the VOD?

Description

Time

  • Played on: June 24, 2020, 6:19 a.m.
  • Length: 18:58
Show
View Real Time Build Order
Export as new Build Order

prospeKt Zerg - Winner!

Build Orders: Hatch First, Lurkers, Roach Hydra 

Get SALT Encoding   

  12  0:00  Drone  
  13  0:13  Overlord  
  13  0:18  Drone  
  14  0:31  Drone x2  
  16  0:36  Drone  
  17  0:54  Hatchery  
  17  0:56  Drone  
  17  0:59  Drone  
  18  1:15  Spawning Pool  
  18  1:16  Drone  
  18  1:25  Drone  
  18  1:28  Drone  
  18  1:30  Extractor  
  19  1:40  Drone  
  20  1:53  Drone  
  21  2:03  Drone  
  21  2:06  Overlord  
  21  2:07  Queen x2  
  26  2:19  Zergling x2  
  26  2:20  Zergling x2  
  28  2:27  Drone  
  29  2:30  Overlord  
  29  2:35  Drone  
  30  2:40  Drone  
  31  2:49  Queen  
  33  2:51  Lair  
  33  2:52  Drone  
  33  2:53  Drone  
  35  2:59  Overlord  
  35  3:08  Drone  
  36  3:13  Drone x2  
  36  3:16  Overlord  
  38  3:20  Drone x3  
  38  3:24  Roach Warren  
  38  3:25  Drone x3  
  38  3:26  Evolution Chamber, Extractor x2  
  40  3:37  Drone  
  40  3:38  Drone x2  
  43  3:45  Drone x2  
  45  4:03  Overlord  
  45  4:04  Roach  
  45  4:05  Roach x6  
  59  4:11  Zerg Missile Weapons Level 1  
  59  4:12  Glial Reconstitution  
  59  4:16  Overlord  
  59  4:17  Overlord  
  59  4:30  Drone, Roach  
  59  4:31  Drone x5  
  67  4:41  Hatchery  
  66  4:50  Drone x3  
  66  4:52  Overlord  
  69  4:54  Overlord  
  69  5:15  Drone x3  
  72  5:22  Roach  
  72  5:23  Roach  
  72  5:25  Roach  
  78  5:29  Hydralisk Den  
  77  5:36  Roach x2  
  81  5:48  Roach x5  
  91  5:56  Evolution Chamber  
  90  6:01  Drone x5  
  95  6:04  Overseer  
  95  6:11  Roach x3  
  101  6:27  Overlord x5  
  98  6:34  Spore Crawler  
  98  6:36  Hydralisk  
  97  6:42  Spore Crawler  
  97  6:44  Spore Crawler x2  
  97  6:45  Hydralisk x3  
  97  6:46  Hydralisk x7, Spore Crawler  
  99  7:02  Drone x2  
  99  7:03  Drone x5  
  106  7:16  Overlord  
  106  7:18  Overlord  
  106  7:19  Drone  
  106  7:20  Drone  
  108  7:32  Drone x3  
  108  7:33  Drone  
  112  7:37  Drone  
  112  7:39  Queen, Extractor  
  114  7:56  Queen  
  116  8:09  Drone x9  
  116  8:12  Zerg Missile Weapons Level 2, Grooved Spines  
  125  8:15  Zerg Ground Armor Level 1  
  125  8:23  Overseer  
  125  8:50  Hydralisk x11  
  147  9:10  Hydralisk x2  
  147  9:11  Hydralisk  
  147  9:12  Overlord x5  
  153  9:22  Drone  
  153  9:23  Muscular Augments  
  154  9:32  Hydralisk  
  154  9:33  Hydralisk x3  
  154  9:38  Extractor  
  161  9:39  Extractor  
  158  10:19  Drone x10  
  168  10:21  Drone  
  168  10:22  Drone x10  
  173  10:38  Hatchery, Hydralisk x2  
  173  10:39  Hydralisk x4  
  162  10:51  Hydralisk x6  
  138  11:07  Hydralisk x7  
  152  11:16  Drone x2  
  152  11:17  Drone  
  152  11:18  Drone x3  
  158  11:35  Hydralisk x7  
  172  11:58  Hydralisk x8  
  172  12:01  Zerg Ground Armor Level 2  
  188  12:08  Infestation Pit  
  187  12:10  Lurker Den  
  187  12:13  Hatchery  
  183  12:30  Hydralisk x4  
  165  12:46  Overseer x2  
  165  12:47  Overseer x2  
  149  13:01  Hive  
  149  13:03  Hydralisk  
  149  13:04  Hydralisk x8  
  167  13:17  Extractor x2  
  167  13:19  Spore Crawler x2  
  163  13:20  Spore Crawler  
  163  13:21  Lurker  
  163  13:22  Spore Crawler, Lurker x2  
  153  14:00  Hydralisk x4  
  153  14:01  Hydralisk x9  
  170  14:11  Drone x7  
  170  14:12  Drone x9  
  170  14:15  Lurker  
  170  14:16  Lurker x2  
  187  14:27  Adaptive Talons  
  187  14:38  Lurker x2  
  189  14:42  Extractor  
  189  14:44  Extractor  
  187  14:54  Lurker x3  
  180  15:19  Lurker x4  
  180  15:20  Lurker  
  183  15:22  Drone  
  183  15:23  Drone  
  183  15:24  Drone x7  
  192  15:29  Overlord x3  
  192  15:30  Overlord  
  192  15:42  Spine Crawler, Spore Crawler  
  191  15:43  Spine Crawler  
  191  15:45  Spine Crawler  
  191  15:46  Spine Crawler  
  187  16:06  Hatchery  
  187  16:10  Drone  
  187  16:11  Drone x8  
  179  16:30  Hydralisk x6  
  149  16:53  Hydralisk x18  
  149  16:54  Hydralisk x5  
  187  17:03  Hatchery  
  186  17:14  Lurker  
  186  17:15  Lurker x3  
  190  17:24  Drone, Hydralisk x2  
  190  17:25  Hydralisk  
  186  17:50  Hydralisk x8  
  186  17:51  Hydralisk  
  160  18:07  Hydralisk  
  160  18:08  Hydralisk x3  
  168  18:15  Drone x9  
  168  18:16  Drone x6  
  168  18:19  Extractor  
  182  18:20  Extractor  
Show
View Real Time Build Order
Export as new Build Order

Sinicio Zerg - Winner!

Build Orders: Hatch First, Muta Ling Bane 

Get SALT Encoding   

  12  0:02  Drone  
  13  0:10  Drone  
  14  0:17  Overlord  
  14  0:36  Drone x2  
  14  0:37  Drone  
  17  0:48  Drone  
  18  0:58  Hatchery  
  18  1:00  Drone  
  18  1:17  Spawning Pool  
  17  1:18  Drone  
  17  1:20  Drone  
  17  1:23  Extractor  
  18  1:31  Drone  
  19  1:42  Drone  
  20  1:58  Drone  
  21  2:03  Overlord  
  21  2:08  Queen, Extractor  
  23  2:16  Queen  
  23  2:17  Drone x2  
  27  2:23  Drone  
  28  2:31  Drone  
  28  2:33  Metabolic Boost  
  29  2:41  Drone x2  
  31  2:44  Drone  
  32  2:52  Queen  
  32  2:56  Queen  
  36  2:59  Overlord x2  
  36  3:13  Overlord  
  36  3:20  Extractor  
  36  3:21  Drone  
  36  3:22  Drone x5  
  41  3:27  Zergling x2  
  41  3:28  Zergling x4  
  44  3:35  Lair  
  44  3:47  Drone x3  
  47  3:49  Extractor  
  47  3:53  Drone  
  47  3:58  Roach Warren, Drone x3  
  47  4:00  Drone  
  50  4:10  Drone  
  50  4:11  Drone x2  
  50  4:12  Drone  
  54  4:41  Drone  
  54  4:42  Drone x2  
  54  4:44  Extractor, Roach  
  54  4:45  Roach  
  60  4:46  Overlord x2  
  60  4:49  Glial Reconstitution  
  60  4:58  Spire  
  56  5:24  Roach  
  56  5:25  Roach x4  
  66  5:41  Spire  
  65  5:47  Baneling Nest  
  64  5:50  Zergling x2  
  64  5:51  Zergling x14  
  72  6:16  Overlord x3  
  73  6:28  Zergling x2  
  73  6:29  Zergling x4  
  76  6:35  Spore Crawler  
  76  6:38  Queen  
  77  6:40  Queen, Spore Crawler  
  77  6:41  Mutalisk  
  77  6:42  Mutalisk x8  
  77  6:46  Drone, Spore Crawler  
  96  6:48  Spore Crawler  
  95  7:05  Hatchery  
  94  7:22  Queen  
  96  7:29  Drone  
  97  7:30  Drone x2  
  97  7:32  Drone  
  100  7:58  Infestation Pit  
  100  8:02  Baneling  
  100  8:03  Baneling x6  
  100  8:04  Centrifical Hooks  
  99  8:16  Queen  
  99  8:19  Drone  
  102  8:20  Drone x3  
  102  8:21  Drone  
  102  8:22  Hatchery  
  102  8:23  Overlord  
  102  8:24  Overlord x2  
  105  8:57  Mutalisk x3  
  105  8:58  Mutalisk x6  
  121  9:12  Spine Crawler  
  121  9:16  Spine Crawler  
  119  9:38  Hatchery  
  118  9:49  Overlord  
  118  10:12  Mutalisk  
  118  10:13  Mutalisk x8  
  124  10:38  Swarm Host  
  124  10:39  Mutalisk x3  
  86  11:00  Zergling x2  
  86  11:01  Zergling x16  
  95  11:06  Mutalisk  
  95  11:07  Mutalisk x2  
  101  11:43  Mutalisk x4  
  100  12:15  Drone  
  100  12:16  Drone x12  
  100  12:20  Extractor  
  100  12:22  Extractor  
  97  12:49  Hatchery  
  97  12:50  Mutalisk x3  
  97  12:51  Mutalisk x4  
  93  13:18  Mutalisk x3  
  99  13:26  Drone  
  103  13:27  Drone x10  
  86  14:05  Zergling x2  
  86  14:06  Zergling x22  
  98  14:28  Hatchery  
  97  14:31  Baneling x3  
  97  14:32  Baneling x6  
  97  14:33  Baneling x5  
  97  14:34  Baneling  
  97  14:42  Baneling x5  
  97  14:43  Baneling  
  86  15:03  Roach x8  
  86  15:04  Roach x11  
  117  15:39  Roach  
  117  15:40  Roach x13  
  147  15:47  Evolution Chamber  
  147  15:49  Evolution Chamber, Queen  
  107  16:20  Mutalisk x8  
  107  16:21  Mutalisk x3  
  79  16:39  Drone  
  80  16:40  Drone x15, Extractor  
  80  16:41  Extractor  
  93  17:08  Roach x11  
  113  17:27  Roach  
  113  17:28  Roach x10  
  127  17:45  Hatchery  
  108  18:06  Roach  
  108  18:07  Roach x11  
Show
View Real Time Build Order
Export as new Build Order

bubu Protoss 

Build Orders: Archon Immortal 

Get SALT Encoding   

  1  0:00  Probe  
  12  0:05  Probe  
  14  0:20  Probe  
  15  0:22  Pylon  
  15  0:32  Assimilator  
  15  0:40  Probe  
  16  0:43  Gateway  
  16  0:52  Probe  
  17  1:02  Probe  
  17  1:10  Probe  
  18  1:14  Assimilator  
  19  1:20  Probe  
  20  1:31  Zealot  
  22  1:36  Probe  
  22  1:38  Cybernetics Core  
  23  1:47  Pylon  
  23  2:06  Probe  
  23  2:14  Warp Gate, Probe  
  25  2:23  Probe, Twilight Council  
  25  2:26  Gateway  
  26  2:43  Stalker  
  28  3:02  Forge  
  28  3:03  Pylon  
  28  3:16  Stalker  
  30  3:21  Stalker  
  30  3:26  Pylon  
  32  3:34  Nexus  
  32  3:35  Pylon  
  32  3:46  Probe  
  33  3:55  Gateway  
  33  4:03  Templar Archives  
  33  4:08  Charge  
  33  4:23  Protoss Ground Weapons Level 1  
  33  4:25  Robotics Facility  
  33  4:26  Stalker  
  33  4:27  Zealot  
  37  4:51  Zealot x2  
  37  4:52  Zealot  
  43  4:56  Probe  
  43  4:58  Probe  
  45  5:13  Immortal  
  49  5:25  High Templar  
  49  5:27  Zealot  
  53  5:35  Assimilator  
  53  5:36  Probe  
  53  5:37  Probe  
  53  5:40  Assimilator  
  55  5:49  High Templar, Probe  
  58  5:52  Archon  
  58  5:57  Observer  
  58  6:03  Zealot x2  
  63  6:14  Probe  
  63  6:17  Probe  
  65  6:22  Probe  
  65  6:29  Probe  
  67  6:37  High Templar  
  69  6:41  Pylon  
  69  6:45  Pylon  
  69  6:50  Protoss Ground Weapons Level 2  
  69  6:54  Probe  
  69  7:00  Immortal  
  74  7:02  Probe  
  75  7:12  Probe  
  76  7:17  High Templar x2  
  76  7:19  Stalker  
  76  7:22  Archon  
  82  7:24  Probe  
  83  7:42  Probe  
  84  7:47  High Templar  
  86  7:53  Pylon  
  86  8:00  Nexus  
  86  8:04  Pylon  
  86  8:05  Pylon  
  86  8:07  Pylon  
  86  8:09  Probe  
  87  8:17  Observer, Probe  
  88  8:22  Pylon  
  88  8:23  Pylon  
  88  8:26  Probe, Photon Cannon  
  89  8:29  Photon Cannon  
  90  8:37  Archon  
  90  8:38  Probe  
  91  8:50  Probe  
  92  9:01  Zealot x2  
  100  9:02  Immortal  
  100  9:40  Probe x2  
  102  9:47  High Templar x2  
  102  9:48  Immortal  
  102  9:50  Zealot  
  112  10:01  Gateway  
  112  10:02  Gateway  
  112  10:06  Protoss Ground Weapons Level 3  
  112  10:07  Gateway  
  112  10:08  Gateway  
  112  10:18  Pylon  
  110  10:22  Pylon  
  110  10:23  Pylon  
  98  10:36  Archon  
  73  10:50  Zealot x3  
  73  10:52  Immortal  
  47  11:14  Stalker  
  47  11:15  Stalker x2  
  47  11:16  Stalker x3  
  47  11:17  Stalker  
  61  11:42  Immortal  
  61  11:44  Stalker x2  
  68  12:17  Stalker  
  68  12:18  Stalker x4  
  68  12:19  Stalker x2  
  78  13:04  Protoss Shields Level 1  
  78  13:20  Stalker  
  78  13:21  Stalker x3  
  78  13:22  Stalker x3  
  84  14:10  Stalker x2  
  84  14:11  Stalker x3  
  84  14:12  Stalker x2  
  97  14:40  Stalker x4  
  97  14:41  Stalker x2  
  109  14:46  Pylon  
  109  15:02  Nexus  
  101  15:20  Stalker x3  
  101  15:21  Stalker x3  
  99  15:23  Stalker  
  105  15:32  Observer  
  106  15:40  Pylon  
  106  15:42  Pylon  
  106  15:44  Pylon x2  
  106  15:46  Pylon x2  
  106  15:48  Stalker x2, Assimilator  
  106  15:49  Pylon  
  110  15:52  Assimilator  
  110  15:53  Observer  
  108  16:56  Stalker x3  
  108  16:57  Stalker x3  
  38  18:09  Stalker x3  
  38  18:10  Stalker x2  
  38  18:11  Stalker  
Show
View Real Time Build Order
Export as new Build Order

Tydus Zerg 

Build Orders: Hatch First 

Get SALT Encoding   

  12  0:01  Drone  
  13  0:12  Overlord  
  13  0:16  Drone  
  14  0:31  Drone x2  
  14  0:35  Drone  
  17  0:45  Drone  
  18  0:55  Hatchery  
  17  0:57  Drone  
  18  1:05  Extractor  
  18  1:07  Drone  
  18  1:17  Spawning Pool  
  17  1:19  Drone  
  18  1:31  Drone  
  19  1:39  Overlord  
  19  1:50  Drone  
  20  2:00  Drone  
  21  2:07  Drone  
  22  2:11  Drone  
  22  2:13  Queen, Metabolic Boost  
  22  2:14  Queen  
  27  2:21  Drone  
  27  2:22  Drone  
  29  2:30  Overlord  
  29  2:35  Drone  
  30  2:39  Drone  
  30  2:43  Drone  
  32  2:55  Overlord  
  32  2:56  Drone  
  33  3:00  Lair  
  33  3:01  Queen  
  33  3:02  Overlord  
  35  3:06  Drone  
  35  3:12  Drone  
  37  3:19  Zergling x2  
  38  3:24  Hatchery  
  38  3:26  Drone x4  
  38  3:27  Drone  
  42  3:32  Drone x2, Extractor  
  42  3:33  Drone  
  44  3:41  Drone  
  45  3:42  Drone  
  46  3:54  Drone x2  
  46  3:55  Drone  
  49  3:57  Extractor  
  49  4:00  Overlord  
  49  4:01  Spire  
  47  4:03  Drone  
  47  4:04  Drone x3  
  51  4:14  Overlord  
  51  4:15  Zergling x2  
  51  4:32  Overlord  
  51  4:34  Drone x3  
  51  4:35  Evolution Chamber, Drone  
  51  4:36  Zergling x2  
  51  4:37  Roach Warren, Zergling x6  
  57  4:40  Baneling Nest  
  57  4:44  Zergling x2  
  57  5:01  Extractor  
  57  5:03  Overlord  
  56  5:15  Spine Crawler, Mutalisk x4  
  56  5:16  Spine Crawler  
  56  5:21  Spine Crawler  
  61  5:28  Drone x6  
  65  5:29  Drone x6  
  65  5:32  Mutalisk  
  75  5:36  Overlord x2  
  75  5:41  Overseer  
  75  5:42  Pneumatized Carapace  
  75  5:45  Drone x3  
  75  5:46  Extractor  
  75  5:47  Extractor  
  76  5:51  Overlord  
  76  6:01  Overlord  
  76  6:03  Overlord  
  76  6:04  Mutalisk x2  
  76  6:09  Drone x2  
  76  6:10  Drone x5  
  87  6:17  Zerg Missile Weapons Level 1  
  87  6:19  Drone  
  87  6:20  Overlord x2  
  87  6:21  Evolution Chamber  
  87  6:24  Roach x2  
  87  6:25  Queen  
  93  6:30  Overlord  
  93  6:32  Roach x3  
  99  6:36  Roach x2  
  99  6:37  Overlord  
  103  6:44  Roach  
  103  6:45  Roach x2  
  109  6:54  Mutalisk  
  111  7:03  Roach x4  
  111  7:04  Overlord  
  119  7:10  Mutalisk x2  
  119  7:12  Drone x3  
  119  7:13  Drone x3  
  125  7:19  Spore Crawler  
  124  7:22  Spore Crawler  
  124  7:23  Spore Crawler  
  124  7:24  Spore Crawler  
  124  7:26  Spore Crawler x2  
  124  7:27  Spore Crawler  
  116  7:32  Spore Crawler  
  116  7:34  Roach  
  116  7:35  Zergling x6  
  116  7:36  Zergling x4, Roach x2  
  126  7:50  Zerg Ground Armor Level 1  
  126  7:53  Overseer  
  126  7:54  Overlord  
  126  7:59  Infestation Pit  
  126  8:00  Mutalisk x2  
  126  8:01  Roach x4  
  126  8:02  Roach  
  139  8:10  Drone x4  
  139  8:12  Roach x5  
  153  8:33  Mutalisk, Roach  
  157  8:34  Overlord, Roach  
  157  8:35  Roach  
  157  8:38  Hydralisk Den  
  157  8:39  Pathogen Glands  
  161  8:55  Roach  
  161  8:56  Zergling x8, Roach x2  
  161  8:58  Overlord x2  
  161  8:59  Overlord  
  169  9:22  Overlord x2  
  168  9:25  Grooved Spines, Hydralisk x3  
  168  9:26  Corruptor x3, Hydralisk  
  168  9:27  Infestor, Overlord x2  
  183  9:36  Overlord x2  
  183  9:46  Overlord  
  183  9:52  Overlord  
  183  9:57  Hatchery  
  183  9:59  Drone x4  
  187  10:00  Drone x4  
  187  10:04  Zerg Missile Weapons Level 2, Hive, Zerg Ground Armor Level 2  
  187  10:06  Overlord  
  190  10:09  Infestor  
  192  10:16  Infestor  
  166  10:36  Hydralisk  
  166  10:37  Hydralisk x3, Roach x2  
  166  10:38  Roach x4  
  166  10:42  Hydralisk, Roach  
  156  10:46  Hydralisk  
  156  10:48  Roach  
  136  10:55  Hydralisk x2  
  136  10:56  Roach  
  136  10:57  Zergling x8, Roach  
  121  11:04  Zergling x4  
  121  11:08  Infestor  
  116  11:27  Hydralisk x6  
  128  11:37  Hatchery  
  128  11:38  Extractor  
  126  11:40  Extractor  
  123  12:07  Infestor x3, Hydralisk x5  
  139  12:09  Zergling x12  
  139  12:10  Zergling x6  
  139  12:12  Drone x2  
  147  12:36  Hydralisk  
  147  12:37  Hydralisk x2, Roach x3  
  142  12:51  Hydralisk x5  
  122  12:52  Roach x6  
  144  13:01  Drone x3  
  144  13:02  Drone x2  
  148  13:10  Hydralisk x2  
  148  13:11  Hydralisk, Roach x2  
  158  13:17  Drone x2  
  158  13:19  Drone x3  
  164  13:20  Drone  
  163  13:39  Hydralisk x4, Roach  
  163  13:40  Roach x3  
  178  13:44  Drone x2  
  178  13:45  Drone x4  
  184  14:08  Hydralisk  
  184  14:09  Hydralisk x3, Roach x3  
  200  14:10  Roach  
  200  14:42  Hatchery, Overlord x2  
  200  14:45  Zerg Missile Weapons Level 3, Zerg Ground Armor Level 3  
  199  14:48  Ultralisk Cavern  
  182  15:00  Hydralisk x4, Roach  
  182  15:01  Roach x3  
  177  15:18  Hydralisk x6, Roach  
  177  15:19  Roach x5  
  191  15:36  Ultralisk  
  191  15:37  Overlord  
  191  15:40  Overlord  
  197  15:52  Hydralisk  
  197  15:54  Overlord  
  197  15:56  Overseer  
  199  16:15  Hydralisk x3  
  199  16:17  Overseer x3  
  199  16:18  Overseer x3  
  191  16:24  Hydralisk x2  
  191  16:25  Hydralisk, Roach x3  
  191  16:33  Hydralisk  
  191  16:34  Hydralisk x2, Roach x2  
  193  16:41  Overlord x3  
  193  16:43  Drone x2  
  193  16:44  Drone x4  
  193  16:47  Extractor  
  188  16:49  Extractor  
  185  17:00  Overlord  
  185  17:01  Infestor  
  185  17:02  Infestor x6  
  185  17:08  Drone  
  200  17:15  Overlord  
  200  17:38  Hydralisk  
  200  17:41  Zergling x2, Overlord x2  
  189  17:50  Hydralisk x2, Roach  
  189  17:51  Roach  
  172  17:57  Hydralisk x5, Roach  
  172  17:58  Roach x5  
  114  18:11  Corruptor x3  
  122  18:13  Drone  
  114  18:31  Hydralisk x4  
  114  18:32  Roach x4  
Tags
 
Add a new tag
Caveats
  • Supply blocks, unpowered buildings, or Contaminate may cause inaccurate times.
  • Supply counts are checked every 10 seconds.